AoeStats
← schwellle

Four Lakes

508299084Analyzed
1v1 RM · 11d ago on Sep 21, 2026· 32m 25s· 2 players
Game mode
Random Map
Map size
Tiny (2 player)
Population
200
Speed
Normal
Resources
Standard
Victory
Conquest
Starting age
Dark Age
Ending age
Imperial Age
RankedLock teamsTeams togetherTeam positionsShared explorationLock speedFull tech treeHidden civsTurbo modeCheats
Victory
Defeat
🇩🇪 Italians · Germany
976
+16
🇵🇪 Persians · Peru
973
-16
jochizan
8:30 Loom
11:09 Feudal Age
16:57 Castle Age
16:51 Double-Bit Axe
16:49 Horse Collar
18:06 Wheelbarrow
29:35 Squires
31:31 Pikeman
schwellle
9:31 Feudal Age
10:21 Double-Bit Axe
10:39 Loom
12:51 Fishing Lines
20:04 Castle Age
18:43 Fletching
18:47 Stone Mining
20:17 Padded Archer Armor
20:44 Gold Mining
20:49 Gillnets
21:12 Bodkin Arrow
22:25 Leather Archer Armor
24:51 Wheelbarrow
23:38 Light Cavalry
24:29 Bloodlines
25:43 Ballistics
33:11 Imperial Age
31:59 Forging
32:14 Husbandry
Connection lost

Rejoining the realm…

Still unreachable

The connection could not be restored.

Session expired

The server has moved on; the page needs a fresh start.